 Dungeon Crawl Stone Soup version 0.28.0 (webtiles) character file.

Game seed: 9122256037030464705

324 SnakkuSnakku7 the Skirmisher (level 6, 0/49 HPs)
             Began as a Vampire Fire Elementalist on Feb 14, 2022.
             Slain by a scorpion zombie (3 damage)
             ... on level 5 of the Dungeon.
             The game lasted 00:05:45 (3520 turns).

SnakkuSnakku7 the Skirmisher (VpFE)                 Turns: 3520, Time: 00:05:45

Health: 0/49       AC:  5    Str:  9    XL:     6   Next: 23%
Magic:  9/9        EV: 10    Int: 24    God:
Gold:   146        SH:  0    Dex: 14    Spells: 8/9 levels left

rFire   . . .      SeeInvis +   e - +1 dagger (venom)
rCold   . . .      Faith    +   (no shield)
rNeg    . . .      Spirit   .   f - +0 ring mail
rPois   .          Reflect  .   (no helmet)
rElec   .          Harm     .   (no cloak)
rCorr   .          Rampage  .   (no gloves)
Will    .....                   (no boots)
Stlth   ++........              q - amulet of faith
HPRegen 0.36/turn               p - +6 ring of intelligence
MPRegen 0.11/turn               (no ring)

@: healing quickly
A: alive, fangs 3, see invisible, vampiric 2
a: Exsanguinate


You were on level 5 of the Dungeon.
You visited 1 branch of the dungeon, and saw 5 of its levels.

You collected 223 gold pieces.
You spent 77 gold pieces at shops.

Inventory:

Hand Weapons
 e - a +1 dagger of venom (weapon)
Missiles
 d - 11 poisoned darts
Armour
 a - a +0 robe
 f - a +0 ring mail (worn)
Jewellery
 p - a +6 ring of intelligence (left hand)
 q - an amulet of faith (around neck)
Wands
 k - a wand of charming (12)
Scrolls
 c - a scroll of enchant weapon {unknown}
 j - a scroll of teleportation
 m - a scroll of silence {unknown}
 n - a scroll of magic mapping {unknown}
 o - a scroll of amnesia {unknown}
 r - a scroll of vulnerability {unknown}
 s - a scroll of summoning {unknown}
Potions
 b - 3 potions of curing
 g - 2 potions of invisibility {unknown}
 h - 2 potions of might
 l - a potion of heal wounds {unknown}


   Skills:
 - Level 4.7 Fighting
 + Level 1.3 Axes
 - Level 2.1 Dodging
 - Level 3.0 Stealth
 - Level 2.9 Unarmed Combat
 - Level 2.0 Spellcasting
 - Level 0.6 Conjurations
 - Level 2.4 Fire Magic


You had 8 spell levels left.
You knew the following spells:

 Your Spells              Type           Power      Damage    Failure   Level
a - Foxfire               Conj/Fire      36%        2x1d5     19%         1

Your spell library contained the following spells:

 Spells                   Type           Power      Damage    Failure   Level
 Scorch                   Fire           26%        2d6       19%         2
 Freeze                   Ice            8%         1d3       32%         1
 Conjure Flame            Conj/Fire      9%         6-21      47%         3
 Inner Flame              Hex/Fire       8%         N/A       52%         3
 Frozen Ramparts          Ice            4%         1d2       69%         3
 Flame Wave               Conj/Fire      9%         2d5       87%         4
 Hailstorm                Conj/Ice       3%         3d3       96%         4


Dungeon Overview and Level Annotations

Branches:
Dungeon (5/15)             Temple (0/1) D:4

Altars:

Shops:
D:2 !   D:4 (

Annotations:
D:2 Dig


Innate Abilities, Weirdness & Mutations

Your natural rate of healing is accelerated.
You have razor-sharp teeth.
You have supernaturally acute eyesight. (SInv)
You are afflicted with vampirism and can become a bat while bloodless.


Message History

The scorpion zombie is severely damaged.
The scorpion zombie hits you.
You hit the scorpion zombie but do no damage.
The scorpion zombie is severely damaged.
The scorpion zombie closely misses you.
You hit the scorpion zombie but do no damage.
You punch the scorpion zombie.
The scorpion zombie is severely damaged.
The scorpion zombie barely misses you.
You hit the scorpion zombie.
The scorpion zombie is severely damaged.
The scorpion zombie hits you.
* * * LOW HITPOINT WARNING * * *
You hit the scorpion zombie but do no damage.
The scorpion zombie is severely damaged.
The scorpion zombie closely misses you.
You hit the scorpion zombie but do no damage.
The scorpion zombie is severely damaged.
The scorpion zombie hits you but does no damage.
You hit the scorpion zombie but do no damage.
The scorpion zombie is severely damaged.
The scorpion zombie hits you.
* * * LOW HITPOINT WARNING * * *
You hit the scorpion zombie.
The scorpion zombie is almost destroyed.
The scorpion zombie hits you but does no damage.
You hit the scorpion zombie but do no damage.
You bite the scorpion zombie.
The scorpion zombie is almost destroyed.
The scorpion zombie hits you.
* * * LOW HITPOINT WARNING * * *
You hit the scorpion zombie but do no damage.
The scorpion zombie is almost destroyed.
The scorpion zombie hits you.
* * * LOW HITPOINT WARNING * * *
You hit the scorpion zombie but do no damage.
Your bite misses the scorpion zombie.
The scorpion zombie is almost destroyed.
The scorpion zombie hits you.
You die...

##>## .
#...# .
#.8.# #.
#...# #.#
##'.#
#..##.######
#...(##|..##
#..8....8Z<#
##...##.@.##
###.######
##'g# gg.#
.8.# ...#
#<## ##


You could see a scorpion zombie.

Vanquished Creatures
  An ogre (D:4)
  2 centaur skeletons (D:4)
  An iguana (D:3)
  A hound skeleton (D:4)
  7 gnolls
  An ufetubus (D:4)
  2 adder skeletons (D:4)
  A worm (D:3)
  A dart slug (D:3)
  5 ball pythons
  7 endoplasms
  3 giant cockroaches
  2 goblins
  8 hobgoblins
  8 jackals
  6 kobolds
  2 quokkas (D:4)
  6 bats
  2 frilled lizards
  6 rats
72 creatures vanquished.

Vanquished Creatures (others)
  24 foxfires (D:1)
24 creatures vanquished.

Grand Total: 96 creatures vanquished

Notes
Turn   | Place    | Note
-------+----------+-------------------------------------------
     0 | D:1      | SnakkuSnakku7 the Vampire Fire Elementalist began the quest
                  | for the Orb.
     0 | D:1      | Reached XP level 1. HP: 13/13 MP: 3/3
    68 | D:1      | Reached skill level 1 in Unarmed Combat
   188 | D:1      | Reached XP level 2. HP: 19/19 MP: 1/5
   585 | D:1      | Found a faded altar of an unknown god.
   936 | D:2      | Reached skill level 1 in Fighting
   936 | D:2      | Gained mutation: You are afflicted with vampirism and can
                  | become a bat while bloodless. [Vampire growth]
   936 | D:2      | Reached XP level 3. HP: 19/26 MP: 6/6
  1089 | D:2      | Found Beqis's Distillery.
  1097 | D:2      | Bought a potion of curing for 33 gold pieces
  1097 | D:2      | Bought a potion of might for 44 gold pieces
  1273 | D:2      | You fall into a shaft and drop 1 floor!
  1312 | D:3      | Reached skill level 2 in Fighting
  1535 | D:2      | Reached XP level 4. HP: 31/33 MP: 7/7
  2519 | D:3      | Reached skill level 3 in Fighting
  2616 | D:4      | Reached XP level 5. HP: 32/41 MP: 8/8
  2719 | D:4      | Found a staircase to the Ecumenical Temple.
  2790 | D:4      | Reached skill level 4 in Fighting
  2856 | D:4      | Noticed an ogre
  2915 | D:4      | Killed an ogre
  2916 | D:4      | Reached XP level 6. HP: 9/49 MP: 9/9
  3087 | D:4      | Found Gelemih's Weapon Shoppe.
  3306 | D:5      | Entered Level 5 of the Dungeon
  3405 | D:4      | Reached skill level 1 in Axes
  3520 | D:5      | Slain by a scorpion zombie

Illustrated notes

Levels and vault maps discovered:
D:1:      dpeg_arrival_shrine, layout_basic, dreamdust_ecumenical_altar_grove
D:2:      layout_basic, serial_shops, shop, due_unseen_surprise
D:3:      layout_basic, serial_park_tiny_2, kennysheep_potato
D:4:      layout_rooms, minmay_temple_entry_from_below_b, serial_shops,
          nicolae_shop_bloodbath_and_beyond
D:5:      layout_basic, serial_bayou, serial_bayou_pond_a, serial_bayou_shore_b,
          serial_bayou_crossing, serial_bayou_lake_a, serial_bayou_lagoon_a,
          serial_bayou_ford_a, serial_shops, nicolae_square_shop,
          nicolae_square_shop, shop, shop, portal_sewer_entry_f,
          serial_bayou_pond_a, grunt_ministairs_4, minmay_crystal_water,
          hangedman_decor_riveting, kennysheep_generic_room_13, uniq_eustachio,
          uniq_sigmund, uniq_duvessa

Skill      XL: |  1  2  3  4  5  6 |
---------------+-------------------+-----
Unarmed Combat | 1 2 |  2.9
Fighting       | 1 2 3 4 |  4.7
Axes           | 1 |  1.3
Dodging        | |  2.1
Stealth        | |  3.0
Spellcasting   | |  2.0
Conjurations   | |  0.6
Fire Magic     | |  2.4

Action                   |  1- 3 |  4- 6 || total
-------------------------+-------+-------++-------
Melee: Unarmed           |    46 |       ||    46
       Bite              |    13 |    26 ||    39
       Dagger            |    42 |   179 ||   221
       Punch             |       |     8 ||     8
 Cast: Foxfire           |    13 |       ||    13
  Use: Scroll            |       |     2 ||     2
 Stab: Sleeping          |     5 |     1 ||     6
       Distracted        |       |     1 ||     1
Armor: Robe              |     8 |       ||     8
       Ring mail         |    15 |    63 ||    78
Dodge: Dodged            |    62 |   110 ||   172
